 Dungeon Crawl Stone Soup version 0.26.1-10-gdfb7c7de75 (webtiles) character file.

Game seed: 14611762936510716704

127 Almogavar the Skirmisher (level 5, -4/43 HPs)
             Began as a Gnoll Wanderer on Apr 11, 2021.
             Slain by Natasha (7 damage)
             ... on level 3 of the Dungeon.
             The game lasted 00:11:43 (3256 turns).

Almogavar the Skirmisher (Gnoll Wanderer)           Turns: 3256, Time: 00:11:43

Health: -4/43      AC:  3    Str: 16    XL:     5   Next: 11%
Magic:  8/9        EV: 13    Int: 14    God:
Gold:   235        SH:  0    Dex: 14    Spells: 9/10 levels left

rFire    . . .     SeeInvis .   e - +0 dagger
rCold    . . .     Faith    .   (no shield)
rNeg     . . .     Spirit   .   d - +0 robe
rPois    .         Reflect  .   (no helmet)
rElec    .         Harm     .   (no cloak)
rCorr    .         Rampage  .   h - +0 pair of gloves
Will     .....                  (no boots)
Stlth    +++.......             (no amulet)
HPRegen  0.14/turn              (no ring)
MPRegen  0.11/turn              (no ring)

@: no status effects
A: distributed training, fangs 1, strong nose
a: no special abilities


You were on level 3 of the Dungeon.
You visited 1 branch of the dungeon, and saw 3 of its levels.

You collected 235 gold pieces.

Inventory:

Hand Weapons
 e - a +0 dagger (weapon)
 f - a +0 dagger
 o - a +2 short sword of protection
Armour
 d - a +0 robe (worn)
 g - a +0 leather armour
 h - a +0 pair of gloves (worn)
Scrolls
 b - 2 scrolls of teleportation
 i - 2 scrolls of remove curse
 j - a scroll of enchant armour {unknown}
 l - a scroll of magic mapping {unknown}
Potions
 a - a potion of might {unknown}
 c - a potion of lignification
 k - 2 potions of ambrosia
 n - 2 potions of haste
 p - a potion of magic {unknown}


   Skills:
 + Level 4.7 Fighting
 + Level 1.3 Short Blades
 + Level 1.3 Long Blades
 + Level 1.3 Axes
 + Level 1.3 Maces & Flails
 + Level 2.9 Polearms
 + Level 1.3 Staves
 + Level 1.3 Slings
 + Level 1.3 Bows
 + Level 1.3 Crossbows
 + Level 1.3 Throwing
 + Level 1.3 Armour
 + Level 2.9 Dodging
 + Level 4.3 Stealth
 + Level 1.3 Shields
 + Level 1.3 Unarmed Combat
 + Level 3.1 Spellcasting
 + Level 1.1 Conjurations
 + Level 1.1 Hexes
 + Level 2.3 Summonings
 + Level 1.1 Necromancy
 + Level 1.1 Translocations
 + Level 1.1 Transmutations
 + Level 2.3 Fire Magic
 + Level 1.1 Ice Magic
 + Level 1.1 Air Magic
 + Level 1.1 Earth Magic
 + Level 1.1 Poison Magic
 + Level 1.5 Invocations
 + Level 2.9 Evocations


You had 9 spell levels left.
You knew the following spells:

 Your Spells              Type           Power        Failure   Level
a - Foxfire               Conj/Fire      28%          11%         1

Your spell library contained the following spells:

 Spells                   Type           Power        Failure   Level
 Conjure Flame            Conj/Fire      7%           30%         3
 Inner Flame              Hex/Fire       7%           30%         3
 Sticky Flame             Conj/Fire      7%           71%         4
 Fireball                 Conj/Fire      3%           96%         5


Dungeon Overview and Level Annotations

Branches:
Dungeon (3/15)

Altars:
Fedhas
Gozag
Xom
The Shining One

Annotations:
D:3 Natasha


Innate Abilities, Weirdness & Mutations

Your experience applies equally to all skills.
You have very sharp teeth.
Your uncanny sense of smell can sniff out nearby items.


Message History

Natasha is heavily wounded.
Natasha claws you.
The crimson imp blinks!
Natasha claws you.
You closely miss Natasha.
Natasha is heavily wounded.
Natasha barely misses you.
You hit Natasha.
Natasha is heavily wounded.
Natasha casts a spell at you. The magic dart hits you!
* * * LOW HITPOINT WARNING * * *
You barely miss Natasha.
Natasha is heavily wounded.
Natasha claws you.
* * * LOW HITPOINT WARNING * * *
Natasha claws you but does no damage.
You closely miss Natasha. You bite Natasha, but do no damage.
Natasha is heavily wounded.
You feel yourself speed up. Natasha claws you!
You die...

###.#####
##.#.## #.#
.....##.#.#
..#
......#...#
...#
......##.##
.....
.......#.#
#...#
∆.....#.#
##..#
.5w#.#
#h#.# #@..#
#####


You could see a worm, Natasha and a crimson imp (summoned).

Vanquished Creatures
  5 adders
  2 oozes (D:1)
  3 worms (D:2)
  3 leopard geckos (D:2)
  An orc (D:3)
  8 bats
  A giant cockroach (D:2)
  10 goblins
  3 hobgoblins (D:1)
  4 jackals (D:1)
  5 frilled lizards
  9 kobolds
  11 rats
65 creatures vanquished.

Vanquished Creatures (others)
  133 foxfires
133 creatures vanquished.

Grand Total: 198 creatures vanquished

Notes
Turn   | Place    | Note
-------+----------+-------------------------------------------
     0 | D:1      | Almogavar the Gnoll Wanderer began the quest for the Orb.
     0 | D:1      | Almogavar set off with the following items: a +0 club, a
                  | scroll of teleportation, a potion of lignification, a +0
                  | robe, a +0 dagger; and the following spell memorised:
                  | Foxfire; and the following spells available to memorise:
                  | Conjure Flame, Inner Flame, Sticky Flame, Fireball
     0 | D:1      | Reached XP level 1. HP: 20/20 MP: 4/4
   441 | D:1      | Reached XP level 2. HP: 26/26 MP: 5/5
   829 | D:1      | Reached XP level 3. HP: 31/31 MP: 4/7
  1064 | D:1      | Reached skill level 1 in Invocations
  1587 | D:2      | Reached skill level 1 in Short Blades
  1587 | D:2      | Reached skill level 1 in Long Blades
  1587 | D:2      | Reached skill level 1 in Axes
  1587 | D:2      | Reached skill level 1 in Maces & Flails
  1587 | D:2      | Reached skill level 1 in Staves
  1587 | D:2      | Reached skill level 1 in Slings
  1587 | D:2      | Reached skill level 1 in Bows
  1587 | D:2      | Reached skill level 1 in Crossbows
  1587 | D:2      | Reached skill level 1 in Throwing
  1587 | D:2      | Reached skill level 1 in Armour
  1587 | D:2      | Reached skill level 1 in Shields
  1587 | D:2      | Reached skill level 1 in Unarmed Combat
  1801 | D:2      | Reached XP level 4. HP: 38/38 MP: 3/8
  2269 | D:2      | Found a glowing golden altar of the Shining One.
  2337 | D:2      | Found a shimmering altar of Xom.
  2511 | D:2      | Reached skill level 1 in Conjurations
  2511 | D:2      | Reached skill level 1 in Hexes
  2511 | D:2      | Reached skill level 1 in Necromancy
  2511 | D:2      | Reached skill level 1 in Translocations
  2511 | D:2      | Reached skill level 1 in Transmutations
  2511 | D:2      | Reached skill level 1 in Ice Magic
  2511 | D:2      | Reached skill level 1 in Air Magic
  2511 | D:2      | Reached skill level 1 in Earth Magic
  2511 | D:2      | Reached skill level 1 in Poison Magic
  2680 | D:3      | Found a blossoming altar of Fedhas.
  2809 | D:3      | Found an opulent altar of Gozag.
  3007 | D:3      | Reached XP level 5. HP: 43/43 MP: 5/9
  3240 | D:3      | Noticed Natasha
  3256 | D:3      | Slain by Natasha

Illustrated notes

Levels and vault maps discovered:
D:1:      dpeg_arrival_signposts, layout_loops_ring, grunt_decor_arrowhead,
          st_stairs_5, chequers_garden
D:2:      layout_rooms, tso_metal_star, lemuel_crystal_altar, serial_curves,
          eino_curves_04, eino_curves_03, wander_ebering_terrifying_dragon_lair
D:3:      minmay_general_purpose_star, layout_loops_corners,
          nicolae_gozag_seed_capital, fedhas_altar_3, uniq_sigmund, uniq_natasha

Skill      XL: |  1  2  3  4 |
---------------+-------------+-----
Summonings     | 2 |  2.3
Fire Magic     | 2 |  2.3
Invocations    | 1 |  1.5
Short Blades   | 1 |  1.3
Long Blades    | 1 |  1.3
Axes           | 1 |  1.3
Maces & Flails | 1 |  1.3
Staves         | 1 |  1.3
Slings         | 1 |  1.3
Bows           | 1 |  1.3
Crossbows      | 1 |  1.3
Throwing       | 1 |  1.3
Armour         | 1 |  1.3
Shields        | 1 |  1.3
Unarmed Combat | 1 |  1.3
Spellcasting   | 3 |  3.1
Conjurations   | 1 |  1.1
Hexes          | 1 |  1.1
Necromancy     | 1 |  1.1
Translocations | 1 |  1.1
Transmutations | 1 |  1.1
Ice Magic      | 1 |  1.1
Air Magic      | 1 |  1.1
Earth Magic    | 1 |  1.1
Poison Magic   | 1 |  1.1
Fighting       | |  4.7
Polearms       | |  2.9
Dodging        | |  2.9
Stealth        | |  4.3
Evocations     | |  2.9

Action                   |  1- 3 |  4- 6 || total
-------------------------+-------+-------++-------
Melee: Dagger            |    84 |    35 ||   119
       Bite              |    11 |     3 ||    14
 Cast: Foxfire           |    46 |    49 ||    95
  Use: Scroll            |     1 |     3 ||     4
Armor: Robe              |    17 |    11 ||    28
Dodge: Dodged            |    70 |    46 ||   116
